 Dungeon Crawl Stone Soup version 0.20-a0-390-g4892b34 (webtiles) character file.

3500 tboon the Cleaver (level 9, -4/81 HPs)
             Began as a Minotaur Berserker on Dec 30, 2016.
             Was a High Priest of Trog.
             Slain by a two-headed ogre
             ... wielding a +0 giant club
              (9 damage)
             ... on level 8 of the Dungeon.
             The game lasted 00:22:06 (8311 turns).

tboon the Cleaver (Minotaur Berserker)              Turns: 8311, Time: 00:22:07

Health: -4/81      AC: 18    Str: 22    XL:     9   Next: 80%
Magic:  8/8        EV: 11    Int:  5    God:    Trog [*****.]
Gold:   458        SH:  0    Dex: 12    Spells: 8/8 levels left

rFire  . . .     SeeInvis .     a - +0 hand axe
rCold  . . .     Gourm    .     w - +4 chain mail
rNeg   . . .     Faith    .     (no shield)
rPois  .         Spirit   .     (helmet restricted)
rElec  .         Reflect  .     z - +1 cloak
rCorr  +         Harm     .     j - +0 pair of gloves
MR     +....                    (no boots)
Stlth  ..........               (no amulet)
                                y - ring of resist corrosion
                                l - ring of protection from magic {MR+, !d}

@: no status effects
A: retaliatory headbutt, horns 2
a: Berserk, Trog's Hand, Brothers in Arms, Burn Spellbooks, Renounce Religion


You were on level 8 of the Dungeon.
You worshipped Trog.
Trog was extremely pleased with you.
You were not hungry.

You visited 1 branch of the dungeon, and saw 8 of its levels.

You collected 458 gold pieces.

Inventory:

Hand Weapons
 a - a +0 hand axe (weapon)
Armour
 j - a +0 pair of gloves (worn)
   (You found it on level 1 of the Dungeon)
 w - a +4 chain mail (worn)
   (You found it on level 5 of the Dungeon)
 z - a +1 cloak (worn)
   (You took it off Crazy Yiuf on level 5 of the Dungeon)
Jewellery
 l - a ring of protection from magic (left hand) {MR+, !d}
   (You found it on level 1 of the Dungeon)
 y - a ring of resist corrosion (right hand)
   (You found it on level 5 of the Dungeon)
Wands
 p - a wand of polymorph (24/24)
   (You took it off Terence on level 2 of the Dungeon)
Scrolls
 b - a scroll of blinking {!r}
 e - a scroll of noise {unknown}
 f - 2 scrolls of immolation {!r}
 i - 6 scrolls of teleportation
 k - 5 scrolls of remove curse
 r - a scroll of fear
 t - a scroll of amnesia {unknown}
 u - a scroll of magic mapping {unknown}
 x - a scroll of enchant armour {unknown}
 D - a scroll of enchant weapon {unknown}
 F - a scroll of recharging
Potions
 g - a potion of lignification {unknown}
 h - 2 potions of might
 m - 2 potions of haste
 n - 7 potions of curing
 o - 3 potions of cancellation
 q - a potion of cure mutation {unknown}
 s - a potion of heal wounds
 v - a potion of flight
 E - a potion of magic {unknown}
Comestibles
 c - 8 bread rations
 d - 5 meat rations
 A - 14 chunks of flesh
 B - 7 slices of pizza
 C - 3 beef jerkies


   Skills:
 + Level 8.1 Fighting
 * Level 11.0 Axes
 + Level 8.0 Armour
 + Level 7.4 Dodging


You had 8 spell levels left.
You didn't know any spells.

Dungeon Overview and Level Annotations

Branches:
Dungeon (8/15)             Temple (0/1) D:4
   Lair: D:8-11

Altars:
Elyvilon
Fedhas
Qazlal
Sif Muna
Trog
Uskayaw
Yredelemnul


Innate Abilities, Weirdness & Mutations

You reflexively headbutt those who attack you in melee.
You have a pair of horns on your head.


Message History

The orc wizard is heavily wounded.
The orc wizard hits you but does no damage.
The orc wizard mumbles some strange words.
The orc wizard seems to speed up.
You slash the orc wizard!
You kill the orc wizard!
Trog accepts your kill.
Trog appreciates your killing of a magic user.
You hit the two-headed ogre.
The orc wizard points at you and mumbles some strange words.
The magic dart hits you!
The two-headed ogre hits you with a giant club!
The two-headed ogre hits you but does no damage.
You hit the two-headed ogre but do no damage.
The two-headed ogre is lightly wounded.
You closely miss the orc warrior. The orc warrior closely misses you.
You slash the two-headed ogre!
The two-headed ogre is moderately wounded.
You hit the orc warrior but do no damage.
You slash the orc wizard!
The orc wizard hits you but does no damage.
The two-headed ogre closely misses you. The two-headed ogre misses you.
Your chain mail prevents you from hitting the orc wizard.
Your headbutt misses the orc wizard.
The orc wizard is heavily wounded.
You hit the orc warrior. You hit the two-headed ogre.
The orc wizard closely misses you. The orc warrior barely misses you.
You miss the orc wizard. Your headbutt misses the orc wizard.
The orc wizard is heavily wounded.
You closely miss the orc warrior.
You hit the two-headed ogre but do no damage.
The orc wizard barely misses you.
The two-headed ogre completely misses you.
You furiously retaliate!
You headbutt the two-headed ogre!
The two-headed ogre hits you but does no damage.
The orc wizard casts a spell at you. The puff of frost hits you!
You hit the orc wizard. You headbutt the orc wizard.
The orc wizard is almost dead.
You hit the two-headed ogre.
You hit the orc warrior but do no damage.
The orc warrior hits you with a mace.
The orc wizard gestures wildly while chanting.
The two-headed ogre hits you with a giant club.
The two-headed ogre hits you with a giant club!
You are too injured to fight recklessly!
You are too injured to fight recklessly!
You are too injured to fight recklessly!
You are too injured to fight recklessly!
You hit the orc wizard but do no damage.
You headbutt the orc wizard.
You kill the orc wizard!
Trog accepts your kill.
Trog appreciates your killing of a magic user.
Your Axes skill increases to level 11!
You slash the orc warrior! You hit the two-headed ogre.
The orc warrior hits you but does no damage.
You hit the orc but do no damage. You barely miss the orc warrior.
You hit the two-headed ogre but do no damage.
The two-headed ogre barely misses you. x2
You barely miss the orc warrior. You headbutt the orc warrior!
The orc warrior is severely wounded.
You hit the two-headed ogre. You hit the orc.
The orc warrior barely misses you. The orc hits you but does no damage.
You hit the orc warrior but do no damage.
The orc warrior is severely wounded.
You closely miss the orc. You slash the two-headed ogre!
The two-headed ogre hits you with a giant club!
The two-headed ogre barely misses you. The orc hits you but does no damage.
The orc warrior hits you with a mace.
You hit the orc warrior but do no damage.
The orc warrior is severely wounded.
You hit the orc.
You kill the orc!
Trog accepts your kill.
You hit the two-headed ogre but do no damage.
Your chain mail prevents you from hitting the orc warrior.
You headbutt the orc warrior!
You kill the orc warrior!
Trog accepts your kill.
Your Armour skill increases to level 8!
You barely miss the two-headed ogre.
The two-headed ogre hits you with a giant club.
* * * LOW HITPOINT WARNING * * *
The two-headed ogre hits you with a giant club.
* * * LOW HITPOINT WARNING * * *
Your chain mail prevents you from hitting the two-headed ogre.
Your headbutt misses the two-headed ogre.
The two-headed ogre is heavily wounded.
The two-headed ogre hits you with a giant club.
* * * LOW HITPOINT WARNING * * *
The two-headed ogre hits you with a giant club!
* * * LOW HITPOINT WARNING * * *
You barely miss the two-headed ogre. You headbutt the two-headed ogre!
The two-headed ogre is severely wounded.
You hit the two-headed ogre. You headbutt the two-headed ogre!
The two-headed ogre is almost dead.
The two-headed ogre hits you but does no damage.
The two-headed ogre hits you with a giant club!
You die...

.... #.# ....###.#
# ......... ..
......#.# ...
......# ....
#....##..... #
#...))'.....
.#.##.O@##.....
.......)......#
#..##...#####.#
#...<.....#
...#.#..#.# ##
#.#..))#
#.##...####
...........######+#
..###..............


You could see a two-headed ogre.

Vanquished Creatures
  4 hogs (D:7)
  A human (D:7)
  Eustachio (D:5)
  The ghost of tony the Changer, an amateur MfTm (D:4)
  2 sky beasts (D:6)
  An orc warrior (D:8)
  A phantom (D:7)
  3 ogres
  2 black bears (D:8)
  The ghost of Heef the Poker, an amateur MfFi (D:3)
  A big kobold (D:7)
  2 bullfrogs
  2 scorpions
  4 howler monkeys
  A crimson imp (D:6)
  2 centaur zombies
  3 hounds
  7 orc priests
  10 orc wizards
  Crazy Yiuf (D:5)
  2 bullfrog skeletons
  Jessica (D:3)
  Terence (D:2)
  2 iguanas (D:5)
  2 worker ants
  A hound skeleton (D:6)
  4 gnolls
  7 adders
  2 oozes
  2 adder skeletons
  A worm (D:3)
  8 leopard geckos
  25 orcs
  3 ball pythons
  8 bats
  14 goblins
  16 hobgoblins
  14 jackals
  2 quokkas
  3 frilled lizards (D:3)
  15 kobolds
  A leopard gecko zombie (D:5)
  8 rats
192 creatures vanquished.

Notes
Turn   | Place    | Note
-------+----------+-------------------------------------------
     0 | D:1      | tboon the Minotaur Berserker began the quest for the Orb.
     0 | D:1      | Reached XP level 1. HP: 19/19 MP: 0/0
   348 | D:1      | Reached XP level 2. HP: 27/27 MP: 1/1
   356 | D:1      | Reached skill level 4 in Axes
   694 | D:1      | HP: 5/27 [kobold/club (3)]
   697 | D:1      | Reached XP level 3. HP: 6/33 MP: 2/2
  1078 | D:1      | Reached ** piety under Trog
  1078 | D:1      | Reached skill level 3 in Armour
  1822 | D:2      | Reached skill level 4 in Fighting
  1822 | D:2      | Reached skill level 3 in Dodging
  1915 | D:2      | Found a basalt altar of Yredelemnul.
  2343 | D:2      | Noticed Terence
  2349 | D:2      | Killed Terence
  2349 | D:2      | Reached XP level 4. HP: 40/40 MP: 3/3
  2648 | D:3      | Noticed Jessica
  2656 | D:3      | Killed Jessica
  2656 | D:3      | Reached skill level 5 in Axes
  2957 | D:3      | Found a deep blue altar of Sif Muna.
  2983 | D:3      | Reached XP level 5. HP: 46/46 MP: 4/4
  3155 | D:3      | Reached *** piety under Trog
  3155 | D:3      | Reached skill level 4 in Armour
  3351 | D:3      | Noticed Heef's ghost (amateur MfFi)
  3358 | D:3      | Killed Heef's ghost
  3358 | D:3      | Reached skill level 6 in Axes
  3358 | D:3      | Reached skill level 4 in Dodging
  3358 | D:3      | Reached XP level 6. HP: 53/53 MP: 5/5
  3519 | D:3      | Found a blossoming altar of Fedhas.
  3772 | D:4      | Reached skill level 5 in Fighting
  3876 | D:4      | Reached XP level 7. HP: 36/61 MP: 6/6
  4087 | D:4      | Found a staircase to the Ecumenical Temple.
  4135 | D:4      | Reached skill level 5 in Armour
  4445 | D:4      | Reached skill level 7 in Axes
  4549 | D:4      | Noticed tony's ghost (amateur MfTm)
  4562 | D:4      | Killed tony's ghost
  4642 | D:4      | Found a deep blue altar of Sif Muna.
  4853 | D:5      | Entered Level 5 of the Dungeon
  4861 | D:5      | Reached skill level 5 in Dodging
  5158 | D:5      | Noticed Eustachio
  5194 | D:5      | Killed Eustachio
  5194 | D:5      | Reached XP level 8. HP: 35/70 MP: 7/7
  5245 | D:5      | Found a bloodstained altar of Trog.
  5251 | D:5      | Found a hide-covered altar of Uskayaw.
  5294 | D:5      | Reached skill level 8 in Axes
  5502 | D:5      | Found a runed door.
  5506 | D:5      | Noticed Crazy Yiuf
  5509 | D:5      | Killed Crazy Yiuf
  5509 | D:5      | Reached skill level 6 in Fighting
  5677 | D:5      | Reached skill level 6 in Armour
  6134 | D:6      | Reached skill level 9 in Axes
  6398 | D:6      | Reached **** piety under Trog
  6544 | D:6      | Found a white marble altar of Elyvilon.
  6887 | D:6      | Reached skill level 6 in Dodging
  7005 | D:7      | Found a stormy altar of Qazlal.
  7422 | D:7      | Reached XP level 9. HP: 63/78 MP: 8/8
  7431 | D:7      | Reached skill level 7 in Fighting
  7445 | D:7      | Reached skill level 10 in Axes
  7445 | D:7      | Reached skill level 7 in Armour
  7474 | D:7      | HP: 17/79 [phantom (7)]
  8154 | D:8      | Reached skill level 7 in Dodging
  8222 | D:8      | Found a bloodstained altar of Trog.
  8280 | D:8      | Reached ***** piety under Trog
  8290 | D:8      | Noticed a two-headed ogre
  8294 | D:8      | Reached skill level 8 in Fighting
  8303 | D:8      | Reached skill level 11 in Axes
  8308 | D:8      | Reached skill level 8 in Armour
  8309 | D:8      | HP: 16/81 [two-headed ogre/giant club (5)]
  8309 | D:8      | HP: 5/81 [two-headed ogre/giant club (11)]
  8311 | D:8      | Slain by a two-headed ogre

Vault maps used:
D:1:      erik_arrival_cave_to_civilisation, minmay_misc_feat_x,
          due_unseen_surprise
D:2:      lemuel_round_altar, serial_co_window_serial, co_window_paths_b,
          co_window_paths_a, co_window_corner_a, co_window_corner_a,
          co_window_corner_a, co_window_paths_a, co_window_cross_1,
          co_window_paths_b, co_window_corner_a, co_window_cross_3,
          co_window_of_opportunity_c, co_window_paths_c, co_window_4corner_b,
          co_window_paths_e, uniq_terence
D:3:      overflow_temple_1_default, minmay_misc_feat_alley, fedhas_altar_4,
          uniq_jessica
D:4:      first_bread, led_sif_book
D:5:      amethyst_overflow_temple_binary, portal_sewer_entry_d, uniq_eustachio,
          uniq_crazy_yiuf_cottage
D:6:      corexii_shantytown, nicolae_overflow_crystal_walls, minivault_26,
          hangedman_decor_peaks_small
D:7:      nicolae_qazlal_general_emergency, grunt_livestock
D:8:      minmay_tri_box, fiery_altar_vehumet, trog_ov_bears_minmay

Skill      XL: |  1  2  3  4  5  6  7  8  9 |
---------------+----------------------------+-----
Axes           | 4 5 6 7 9 11 | 11.0
Armour         | 3 4 5 6 8 |  8.0
Fighting       | 4 5 6 8 |  8.1
Dodging        | 3 4 5 6 7 |  7.4

Action                   |  1- 3 |  4- 6 |  7- 9 || total
-------------------------+-------+-------+-------++-------
Melee: Hand axe          |    89 |   122 |   375 ||   586
       Headbutt          |    10 |    24 |    76 ||   110
Invok: Berserk           |     1 |     1 |     2 ||     4
       Trog's Hand       |       |     1 |       ||     1
  Use: Scroll            |       |     4 |    10 ||    14
 Stab: Sleeping          |     1 |       |       ||     1
  Eat: Chunk             |     4 |     8 |    11 ||    23
       Fruit             |       |       |     3 ||     3
       Pizza             |       |       |     1 ||     1
Armor: Animal skin       |    13 |       |       ||    13
       Scale mail        |       |    31 |    31 ||    62
       Chain mail        |       |       |   139 ||   139
Dodge: Dodged            |    54 |    63 |   192 ||   309

Vault maps used:
D:1:      erik_arrival_cave_to_civilisation, minmay_misc_feat_x,
          due_unseen_surprise
D:2:      lemuel_round_altar, serial_co_window_serial, co_window_paths_b,
          co_window_paths_a, co_window_corner_a, co_window_corner_a,
          co_window_corner_a, co_window_paths_a, co_window_cross_1,
          co_window_paths_b, co_window_corner_a, co_window_cross_3,
          co_window_of_opportunity_c, co_window_paths_c, co_window_4corner_b,
          co_window_paths_e, uniq_terence
D:3:      overflow_temple_1_default, minmay_misc_feat_alley, fedhas_altar_4,
          uniq_jessica
D:4:      first_bread, led_sif_book
D:5:      amethyst_overflow_temple_binary, portal_sewer_entry_d, uniq_eustachio,
          uniq_crazy_yiuf_cottage
D:6:      corexii_shantytown, nicolae_overflow_crystal_walls, minivault_26,
          hangedman_decor_peaks_small
D:7:      nicolae_qazlal_general_emergency, grunt_livestock
D:8:      minmay_tri_box, fiery_altar_vehumet, trog_ov_bears_minmay

Table legend:
 A = Turns spent in this place as a percentage of turns spent in the entire game.
 B = Non-inter-level travel turns spent in this place as a percentage of non-inter-level travel turns spent in the entire game.
 C = Inter-level travel turns spent in this place as a percentage of turns spent in this place.
 D = Turns resting spent in this place as a percentage of non-inter-level travel turns spent in this place.
 E = Turns spent auto-exploring this place as a percentage of non-inter-level travel turns spent in this place.
 F = Non-inter-level travel turns spent in this place divided by the number of levels of this place that you've seen.
                   A       B       C       D       E      F
               +-------+-------+-------+-------+-------+----------------------
         Total | 100.0 | 100.0 |   0.4 |   3.5 |  12.0 | 229.4
       Dungeon | 100.0 | 100.0 |   0.4 |   3.5 |  12.0 | 229.4
               +-------+-------+-------+-------+-------+----------------------

Table legend:
 A = Kills in this place as a percentage of kills in entire the game.
 B = Kills by you in this place as a percentage of kills by you in the entire game.
 C = Kills by friends in this place as a percentage of kills by friends in the entire game.
 D = Other kills in this place as a percentage of other kills in the entire game.
 E = Experience gained in this place as a percentage of experience gained in the entire game.
 F = Experience gained in this place divided by the number of levels of this place that you have seen.
                   A       B       C       D       E      F
               +-------+-------+-------+-------+-------+----------------------
         Total | 100.0 | 100.0 |  -nan |  -nan | 100.0 | 625.1
       Dungeon | 100.0 | 100.0 |  -nan |  -nan | 100.0 | 625.1
               +-------+-------+-------+-------+-------+----------------------
